AoeStats
← wgxseed

Arabia

510290976Analyzed
1v1 RM · 2d ago on Sep 30, 2026· 45m 56s· 2 players
Game mode
Random Map
Map size
Tiny (2 player)
Population
200
Speed
Normal
Resources
Standard
Victory
Conquest
Starting age
Dark Age
Ending age
Imperial Age
RankedLock teamsTeams togetherTeam positionsShared explorationLock speedFull tech treeHidden civsTurbo modeCheats
Victory
Defeat
🇹🇼 Danes · Taiwan
1732
+16
🇹🇼 Huns · Taiwan
1730
-16
wgxseed
6:27 Loom
8:44 Feudal Age
9:21 Double-Bit Axe
13:37 Wheelbarrow
18:25 Castle Age
16:47 Fletching
16:40 Horse Collar
17:28 Gold Mining
18:37 Crossbowman
19:29 Bow Saw
19:55 Bloodlines
21:47 Bodkin Arrow
25:28 Hand Cart
25:24 Padded Archer Armor
30:34 Stone Mining
33:58 Imperial Age
31:08 Elite Skirmisher
33:48 Thumb Ring
34:41 Bracer
35:34 Leather Archer Armor
38:24 Ballistics
38:51 Scale Barding Armor
40:10 Chemistry
40:38 Heavy Cavalry Archer
41:44 Parthian Tactics
41:26 Husbandry
43:32 Light Cavalry
45:44 Two-Man Saw
44:45 Heavy Plow
45:21 Gold Shaft Mining
45:13 Chain Barding Armor
45:04 Forging
Wuyen
8:29 Feudal Age
7:38 Loom
9:13 Double-Bit Axe
15:15 Wheelbarrow
18:34 Castle Age
16:20 Horse Collar
16:52 Gold Mining
17:40 Fletching
18:43 Crossbowman
19:24 Bodkin Arrow
20:10 Padded Archer Armor
21:29 Ballistics
21:33 Bow Saw
23:58 Town Watch
26:27 Leather Archer Armor
27:42 Thumb Ring
30:38 Squires
32:57 Gold Shaft Mining
32:37 Gambesons
32:54 Scale Mail Armor
35:35 Chain Mail Armor
38:46 Imperial Age
36:34 Arson
37:48 Stone Mining
38:48 Heavy Plow
39:06 Hand Cart
40:07 Plate Mail Armor
39:50 Elite Varangian Guard
41:17 Conscription
41:40 Elite Skirmisher
44:02 Stone Shaft Mining
44:49 Bracer
45:52 Chemistry
45:51 Ring Archer Armor
46:15 Forging
Connection lost

Rejoining the realm…

Still unreachable

The connection could not be restored.

Session expired

The server has moved on; the page needs a fresh start.